cohdb
Replays
Latest Replays
All Replays
Popular Replays
Top Player Replays
Match Explorer
How It Works
Community
CoH3 Stats
Reddit
Sign in to upload your games and track your stats! →
Sign in with Steam
Match 39822533
Unlisted
Match 39822533
Overview
Messages
Build Orders
End
Construct Infanterie Kompanie
MG 42 Machine Gun Team
Grenadier Squad
Selects Terror Battlegroup
Selects Machine Gun Camouflage
Grenadier Squad
Construct Panzergrenadier Kompanie
Panzergrenadier Squad
Grenadier Squad
251 Medium Carrier
Selects No Quarter
Pak 40 Anti-tank Gun Team
251 Medium Carrier
Selects Contempt for the Weak
Medical Station
Construct Panzer Kompanie
Selects Propaganda Leaflet Drop
Sturmpanzer IV Brummbär
daidaroszoo
LittleRocketMan
Guru
Karl Müller
0
0
Comments
sign in to comment!
No comments posted yet!